 Dungeon Crawl Stone Soup version 0.16.1-16-gc44b35d (webtiles) character file.

898 tesudzi the Shield-Bearer (level 8, -10/57 HPs)
             Began as an Octopode Wanderer on Apr 20, 2015.
             Mangled by a goliath beetle (29 damage)
             ... on level 5 of the Dungeon.
             The game lasted 00:19:55 (7075 turns).

tesudzi the Shield-Bearer (Octopode Wanderer)       Turns: 7075, Time: 00:19:55

Health: -10/57     AC:  6    Str: 14    XL:     8   Next: 7%
Magic:  8/8        EV: 12    Int: 15    God:
Gold:   235        SH:  0    Dex: 14    Spells: 1 memorised, 4 levels left

rFire  . . .     SeeInvis .     I - +0 dagger (protect)
rCold  . . .     Clarity  .     (no shield)
rNeg   + . .     SustAb   .     (helmet restricted)
rPois  .         Gourm    .     (no amulet)
rElec  .         Spirit   .     v - ring of positive energy
rCorr  .         Warding  .     E - +4 ring of strength
rMut   .         Stasis   .     (no ring)
MR     .....                    (no ring)
Stlth  +++.......               (no ring)
                                (no ring)
                                (no ring)
                                (no ring)

@: not resistant to hostile enchantments, fairly stealthy
A: almost no armour, amphibious, 8 rings, constrict 8, camouflage 1, gelatinous
body 1
a: no special abilities


You were on level 5 of the Dungeon.
You were not hungry.

You visited 1 branch of the dungeon, and saw 5 of its levels.

You collected 235 gold pieces.

Inventory:

Hand weapons
 a - a +2 dagger
 c - a +0 spear
 d - a +0 short sword
 i - a +0 short sword
 m - a +3 quarterstaff of chaos
 q - a +0 short sword of holy wrath
 w - a +0 short sword
 z - a +0 rapier
 H - the +1 eveningstar "Brilliance" {holy, rN+ AC+5 Int+5}
   (You took it off an orc wizard on level 5 of the Dungeon)

   It has been blessed by the Shining One to cause great damage to the undead
   and demons.
   It affects your AC (+5).
   It affects your intelligence (+5).
   It protects you from negative energy.
 I - a +0 dagger of protection (weapon)
Missiles
 j - 77 stones (quivered)
 n - 3 tomahawks
 p - 16 bolts of flame
 r - 60 arrows
 u - 7 sling bullets of frost
 x - 12 poisoned needles
Armour
 s - a +1 buckler
 B - a +0 buckler
Jewellery
 v - a ring of positive energy (left tentacle)
 E - a +4 ring of strength (right tentacle)
Magical devices
 k - a wand of digging (8)
Scrolls
 e - 2 scrolls of enchant weapon
 g - 2 scrolls of magic mapping
 h - a scroll of fear
 l - a scroll of amnesia
 t - a scroll of immolation
 y - a scroll of teleportation
 A - a scroll of enchant armour
 J - a scroll of remove curse
Potions
 b - a potion of curing
 D - 2 potions of restore abilities
Books
 F - a book of Necromancy

   Spells                             Type                      Level
   a - Pain                           Necromancy                   1
   b - Animate Skeleton               Necromancy                   1
   c - Vampiric Draining              Necromancy                   3
   d - Regeneration                   Charms/Necromancy            3
   e - Animate Dead                   Necromancy                   4
   f - Control Undead                 Necromancy                   4
Comestibles
 f - 2 bread rations
 o - 5 meat rations
 C - 2 slices of pizza


   Skills:
 - Level 5.8 Fighting
 - Level 2.0 Short Blades
 - Level 1.0 Throwing
 - Level 1.0 Dodging
 - Level 1.3 Stealth
 + Level 7.8 Shields


You had 4 spell levels left.
You knew the following spells:

 Your Spells              Type           Power        Failure   Level  Hunger
a - Regeneration          Chrm/Necr      #.........   80%         3    ####...


Dungeon Overview and Level Annotations

Branches:
Dungeon (5/15)
 Temple: D:4-7

Altars:
Elyvilon
Fedhas
Kikubaaqudgha
Makhleb
Okawaru
Trog
Vehumet

Annotations:
D:4 Prince Ribbit


Innate Abilities, Weirdness & Mutations

You cannot wear most types of armour.
You are amphibious.
You can wear up to eight rings at the same time.
You can use your tentacles to constrict many enemies at once.
Your skin changes colour to match your surroundings (Stealth).
Your rubbery body absorbs attacks (AC +1).


Message History

You hit the goliath beetle but do no damage.
The goliath beetle is lightly wounded.
You constrict the goliath beetle. You hit the goliath beetle.
The goliath beetle is lightly wounded.
You constrict the goliath beetle.
You hit the goliath beetle but do no damage.
You squeeze the goliath beetle.
The goliath beetle is moderately wounded.
You constrict the goliath beetle, but do no damage.
The goliath beetle bites you!
You hit the goliath beetle but do no damage.
The goliath beetle is moderately wounded.
You constrict the goliath beetle.
You hit the goliath beetle but do no damage.
You squeeze the goliath beetle, but do no damage.
The goliath beetle is moderately wounded.
You constrict the goliath beetle. The goliath beetle bites you!!
Ouch! That really hurt!
You die...

######### ##################
........# #.......##.......#
........####.......##.......#####
................>..##.†..........
........###.###B..########'######
######### #.# #.@.# #.######
....# #.# #...# #....... ###.#
#.# #...# #..##### ..#.# #.#
#...########..#.... #.#.# #.#
#.........##..#.### #.#.#
#.###.........##..#.### #...#
#.............##..#.... ##..#
#.............##..##### ##..#
#.............##.......


You could see a goliath beetle.

Vanquished Creatures
  A centaur (D:5)
  2 ogres
  Blork the orc (D:5)
  A vampire bat (D:3)
  A giant frog zombie (D:5)
  A hound (D:5)
  2 orc priests
  A centaur zombie (D:5)
  Crazy Yiuf (D:2)
  An iguana (D:4)
  An orc wizard (D:5)
  5 worker ants
  7 adders
  A giant mite (D:5)
  3 worms
  An adder zombie (D:5)
  An adder skeleton (D:4)
  5 giant geckos
  An ooze (D:3)
  13 orcs
  A bat skeleton (D:3)
  4 bat zombies (D:3)
  5 giant cockroaches
  11 goblins
  4 hobgoblins
  5 jackals
  2 quokkas
  9 bats
  4 giant newts
  A giant spore (D:5)
  10 kobolds
  A quokka skeleton (D:5)
  11 rats
  3 ballistomycetes (D:5)
121 creatures vanquished.

Vanquished Creatures (others)
  A kobold (D:5)
1 creature vanquished.

Grand Total: 122 creatures vanquished

Notes
Turn   | Place    | Note
--------------------------------------------------------------
     0 | D:1      | tesudzi, the Octopode Wanderer, began the quest for the Orb.
     0 | D:1      | tesudzi set off with: a +2 dagger, a potion of heal wounds, a +0 spear, a +0 short sword, a bread ration
     0 | D:1      | Reached XP level 1. HP: 17/17 MP: 1/1
   247 | D:1      | Reached XP level 2. HP: 23/23 MP: 2/2
  1042 | D:2      | Reached XP level 3. HP: 26/28 MP: 3/3
  1289 | D:2      | Found a bloodstained altar of Trog.
  1442 | D:2      | Reached skill level 5 in Fighting
  1504 | D:2      | Noticed Crazy Yiuf
  1520 | D:2      | Killed Crazy Yiuf
  1520 | D:2      | Reached XP level 4. HP: 30/35 MP: 4/4
  1892 | D:2      | Found an iron altar of Okawaru.
  2027 | D:2      | Found a white marble altar of Elyvilon.
  2286 | D:3      | Found a blossoming altar of Fedhas.
  3232 | D:3      | Reached XP level 5. HP: 27/39 MP: 5/5
  3242 | D:3      | Found an ancient bone altar of Kikubaaqudgha.
  3753 | D:4      | Noticed Prince Ribbit
  3840 | D:4      | Learned a level 3 spell: Regeneration
  4118 | D:4      | Reached XP level 6. HP: 38/46 MP: 6/6
  4179 | D:4      | Noticed an ogre
  4186 | D:4      | Killed an ogre
  4495 | D:5      | Entered Level 5 of the Dungeon
  4639 | D:5      | Reached skill level 5 in Shields
  4732 | D:5      | Noticed Blork the orc
  4829 | D:5      | Reached XP level 7. HP: 44/51 MP: 7/7
  4996 | D:5      | Reached skill level 6 in Shields
  5184 | D:5      | Killed Blork the orc
  5488 | D:5      | Found a burning altar of Makhleb.
  5559 | D:5      | Found a radiant altar of Vehumet.
  5644 | D:5      | HP: 1/51 [phantom (10)]
  5894 | D:5      | Reached skill level 7 in Shields
  6834 | D:5      | Reached XP level 8. HP: 27/57 MP: 8/8
  7075 | D:5      | Mangled by a goliath beetle

Action                   |  1- 3 |  4- 6 |  7- 9 || total
-------------------------+-------+-------+-------++-------
Melee: Dagger            |    59 |    49 |   141 ||   249
       Short sword       |     7 |   105 |     1 ||   113
       Eveningstar       |       |       |     3 ||     3
Throw: Stone             |     1 |       |    11 ||    12
  Use: Scroll            |     6 |     7 |     1 ||    14
       Potion            |     1 |     1 |     3 ||     5
 Stab: Sleeping          |     8 |     9 |       ||    17
       Distracted        |       |       |     1 ||     1
  Eat: Chunk             |     2 |     4 |     2 ||     8
       Pizza             |       |     1 |       ||     1
       Bread ration      |       |     1 |     1 ||     2
       Beef jerky        |       |       |     1 ||     1
